[Event "Biel Challengers Blitz 2024"]
[White "Vaishali,Rameshbabu"]
[Black "Maurizzi,Marc`Andria"]
[Site "Biel"]
[Round "8.3"]
[Annotator "TA"]
[Result "1-0"]
[Date "2024.07.21"]
[WhiteElo "2489"]
[BlackElo "2610"]
[PlyCount "141"]
[TimeControl "180+2"]

1. e4 e5 2. Nf3 Nc6 3. Nc3 Nf6 4. Bb5 Bd6 5. d3 O-O 6. Ba4 a6 7. a3 Re8 8. Be3 Bf8 9. Bb3 d6 10. Ng5 Be6 11. Nxe6 fxe6 12. O-O Kh8 13. f4 d5 14. fxe5 Nxe5 15. Bg5 dxe4 16. Bxf6 gxf6 17. Nxe4 f5 18. Ng3 Qh4 19. Qh5 Bc5+ 20. Kh1 Qxh5 21. Nxh5 Ng4 22. h3 Ne3 23. Rf3 e5 24. Re1 f4 25. Nf6 Re7 26. Nd5 Rg7 27. Nxe3 Bxe3 28. Bd5 c6 29. Be4 Rag8 30. Rff1 Rg3 31. Kh2 Bd4 32. c3 Be3 33. Re2 R3g7 34. Rf3 h5 35. Rfxe3 fxe3 36. Rxe3 Rf8 37. Bf3 Rg5 38. b4 Kg7 39. a4 h4 40. Re4 Rf4 41. Re2 Kf6 42. Rb2 Rg7 43. Re2 ({Vorzuziehen ist} 43. c4 $15 )Rd7 $1 $17 44. Be4 Rd8 (44... Rf1 $142 45. Rc2 Rf7 )45. Kg1 Ke7 46. Rb2 (46. a5 $17 {war einen Versuch wert.} )Kd6 47. b5 {[%emt 0:0:2] [#]} Kc7 (47... cxb5 $1 $17 48. axb5 axb5 49. Rxb5 Ra8 )48. bxc6 $15 bxc6 49. Rb4 (49. a5 $15 )Rc8 (49... Rff8 $17 {Droht stark ...Rb8.} 50. Rc4 Rd6 )50. Rc4 $2 {[%emt 0:0:1] [#]} (50. a5 $1 $15 )Kd6 (50... Kb6 $1 $19 {Und ...c5 würde nun gewinnen.} 51. Kh2 a5 )51. Rb4 $1 $15 a5 52. Rb6 Rf7 53. Ra6 Rb7 54. Rxa5 Rb6 (54... Rf8 $15 55. Bf3 Rb1+ 56. Kf2 Rb3 )55. c4 $11 Rb1+ 56. Kf2 Rf8+ 57. Bf3 Rfb8 58. Ra6 $2 (58. Ke3 $11 )R8b6 $2 (58... R8b2+ $19 59. Be2 Ra1 )59. Rxb6 $11 Rxb6 60. g3 $2 (60. Be4 $11 )hxg3+ $2 ({Besser ist} 60... Rb2+ $19 61. Kg1 hxg3 )61. Kxg3 $11 Rb3 62. Be4 Ra3 63. h4 Rxa4 64. h5 Ke6 $2 (64... Ra8 $11 )65. h6 $2 (65. Bxc6 $18 Ra1 66. Be4 )Kf6 $2 (65... Ra8 $11 )66. Bxc6 $18 Ra7 67. Be4 Ra1 68. h7 Kg7 69. c5 Rc1 70. c6 Rc5 71. Kg4 1-0

[Event "Biel Challengers Blitz 2024"]
[White "Vaishali,Rameshbabu"]
[Black "Samunenkov,Ihor"]
[Site "Biel"]
[Round "9.1"]
[Annotator "TA"]
[Result "0-1"]
[Date "2024.07.21"]
[WhiteElo "2489"]
[BlackElo "2532"]
[PlyCount "88"]
[TimeControl "180+2"]

1. d4 d5 2. Nf3 Nf6 3. e3 e6 4. Bd3 Be7 5. O-O O-O 6. b3 b6 7. Bb2 Bb7 8. Nbd2 Nbd7 9. Ne5 Nxe5 10. dxe5 Ne4 11. f4 Nxd2 12. Qxd2 c5 13. f5 exf5 14. Bxf5 g6 {[%emt 0:0:8] Black is slightly better.} 15. Bd3 Bg5 16. Qe2 Qe7 17. Rf2 Bh6 18. c4 (18. Raf1 $15 )Bg7 19. cxd5 Bxd5 20. e4 {[%emt 0:0:2] [#]} Be6 21. Raf1 Qg5 22. Qf3 (22. Bc4 $17 {was called for.} )Bxe5 $19 23. h4 Qg3 (23... Qxh4 $2 24. Bxe5 b5 25. Qe3 $18 (25. Bxb5 a5 $18 ))24. Bxe5 Qxe5 25. h5 Rad8 (25... gxh5 26. Be2 )(25... Qxh5 26. Qxh5 gxh5 27. Be2 )26. h6 Qg5 27. Bc4 {[%emt 0:0:2] [#]} Bxc4 (27... Qxh6 28. Bxe6 fxe6 29. Qg4 $17 )28. bxc4 Qxh6 29. e5 Qg7 (29... Qh4 $19 30. Qa3 Qxc4 31. Qxa7 b5 )30. Qg3 (30. Qe3 $17 {was worth a try.} )Rde8 31. Re2 Re6 32. a4 Rfe8 33. Rfe1 h5 34. Re4 Kh7 35. Qf4 R8e7 36. R1e3 Qh6 37. Qf2 $2 (37. Qh4 )Qg5 {[%emt 0:0:1][%cal Of7f5] Strongly threatening ...f5!} 38. Rf4 Kg7 (38... Rxe5 39. Rxf7+ Kg8 40. Rxe5 Qxe5 (40... Rxf7 $2 41. Rxg5 Rxf2 42. Kxf2 $18 )41. Rxe7 Qxe7 42. Qg3 $19 )39. Rfe4 $2 (39. Ref3 Qxe5 (39... Rxe5 $2 40. Rxf7+ Kh6 41. Rxe7 $19 )40. Rxf7+ Kh6 41. Rxe7 Rxe7 42. Rf7 )Rxe5 40. Qb2 f6 41. Rxe5 Rxe5 42. Rd3 Re1+ 43. Kf2 Qh4+ 44. g3 Qh2+ {[%emt 0:0:1] Black took control after the opening.   Weighted Error Value: White=0.64/Black=0.21 (precise) .  Mistake:       	White=5     	Black=1      Inaccurate:     	White=4     	Black=2      OK:         	White=5     	Black=13     Best:        	---       	Black=1} (44... Qxc4 $2 {loses.} 45. Rd7+ Kg8 46. Rd8+ (46. Kxe1 $2 Qe6+ 47. Kd1 Qxd7+ $19 )Kf7 47. Kxe1 $18 )0-1

[Event "Biel Challengers Blitz 2024"]
[White "Maurizzi,Marc`Andria"]
[Black "Salem,A.R. Saleh"]
[Site "Biel"]
[Round "9.2"]
[Annotator "TA"]
[Result "0-1"]
[Date "2024.07.21"]
[WhiteElo "2610"]
[BlackElo "2638"]
[PlyCount "70"]
[TimeControl "180+2"]

1. e4 e6 2. d4 d5 3. e5 c5 4. c3 Nc6 5. Nf3 Qb6 6. a3 c4 7. Nbd2 Na5 8. Rb1 Bd7 9. h4 O-O-O 10. Be2 Kb8 11. Kf1 {[%emt 0:0:2] The position is equal.} f6 12. h5 Nh6 13. Kg1 {[%emt 0:0:10] [#]} Be8 (13... Nf7 $1 $17 )14. Nf1 $11 Nf7 15. Bf4 Ka8 16. Ne3 Be7 17. Ng4 (17. Rh3 $11 )h6 (17... f5 $17 18. Ne3 Bd7 )18. Qd2 Ng5 19. Re1 Ne4 20. Qc1 (20. Qc2 $11 )f5 $17 {[%emt 0:0:2][%cal Oa5b3] ...Nb3! is the strong threat.} 21. Ne3 Nb3 {[%emt 0:0:14] Black has more active pieces.} 22. Qb1 Bg5 23. g3 Bxf4 24. gxf4 g6 $36 {[%emt 0:0:0][%mdl 2048] Black has the initiative.} 25. hxg6 Bxg6 {[%emt 0:0:1] Strongly threatening ...Rdg8.} 26. Qc2 Rdg8 27. Ng2 Be8 28. Nfh4 Rg7 (28... Qa5 $19 {[%cal Ob3d4] Threatens to win with ...Nxd4!} 29. Qd1 Ba4 )29. f3 {[%emt 0:0:1] This move loses the game for White.} (29. Bf3 $17 )Ng3 30. Rh3 Ba4 31. Qd1 Rhg8 32. Kh2 (32. Kf2 {keeps fighting.} )Qd8 33. Bf1 Qe8 34. Re3 $2 {[%emt 0:0:4] [#] White is weak on the light squares} (34. Be2 )Nxd4 $1 35. Qxd4 Nxf1+ {[%emt 0:0:1] Weighted Error Value: White=0.55/Black=0.41.  Mistake:       	White=5     	Black=3      Inaccurate:     	White=5     	Black=3      OK:         	White=6     	Black=9      Best:        	White=2     	---} 0-1

[Event "Biel Challengers Blitz 2024"]
[White "Bjerre,Jonas Buhl"]
[Black "Donchenko,Alexander"]
[Site "Biel"]
[Round "9.3"]
[Annotator "RC"]
[Result "0-1"]
[Date "2024.07.21"]
[WhiteElo "2653"]
[BlackElo "2639"]
[PlyCount "68"]
[TimeControl "180+2"]

1. e4 c6 2. Nf3 d5 3. Nc3 dxe4 4. Nxe4 Nf6 5. Qe2 Nxe4 6. Qxe4 Nd7 7. d4 Nf6 8. Qd3 Bg4 9. Ne5 Bh5 10. Be3 e6 11. h3 Bd6 12. g4 Bg6 13. Nxg6 hxg6 14. Bg2 Nd5 15. O-O-O Nf4 16. Bxf4 Bxf4+ 17. Kb1 g5 18. Rhe1 Qe7 19. d5 cxd5 20. Qb5+ Qd7 21. Rxd5 Qxb5 22. Rxb5 Rb8 23. c4 b6 24. a4 Ke7 25. Rd1 Rhc8 26. Bf1 Rc5 27. b4 Rc7 28. a5 Rc6 29. Kb2 bxa5 30. Rxb8 Bxb8 31. b5 Rc8 32. Ra1 Be5+ 33. Kb1 Bxa1 34. Kxa1 Kd6 0-1

[Event "Biel Challengers Blitz 2024"]
[White "Samunenkov,Ihor"]
[Black "Bjerre,Jonas Buhl"]
[Site "Biel"]
[Round "10.1"]
[Annotator "RC"]
[Result "1-0"]
[Date "2024.07.21"]
[WhiteElo "2532"]
[BlackElo "2653"]
[PlyCount "121"]
[TimeControl "180+2"]

1. d4 Nf6 2. g3 d5 3. Nf3 c5 4. Bg2 cxd4 5. O-O h6 6. b3 e6 7. Bb2 Bc5 8. Nxd4 e5 9. Nf3 e4 10. Nd4 O-O 11. c4 Nc6 12. Nxc6 bxc6 13. cxd5 cxd5 14. Nc3 e3 15. f4 Bb7 16. Na4 Bb4 17. Qd4 Bd2 18. Nc5 Bc6 19. Bc1 Ne4 20. Bxd2 exd2 21. e3 Qb6 22. Nxe4 dxe4 23. Qxd2 Rfd8 24. Qf2 Rd3 25. Rfe1 Rad8 26. Re2 a5 27. h3 Bb7 28. Rc1 f5 29. Kh2 Qb4 30. Rc4 Qa3 31. Rc7 Ba6 32. Rec2 Qb4 33. a3 Qxb3 34. Ra7 Bc4 35. Rb2 Qc3 36. Rc7 R3d7 37. Rc2 Qxc2 38. Qxc2 Rxc7 39. Qc3 a4 40. Qe5 Rf7 41. Qc5 Bb3 42. g4 fxg4 43. hxg4 Rd2 44. Kg3 Bc2 45. Qc8+ Kh7 46. Qc3 Rfd7 47. g5 hxg5 48. fxg5 Bb1 49. Qe5 R2d6 50. Bxe4+ Bxe4 51. Qxe4+ g6 52. Qxa4 Re7 53. Qh4+ Kg7 54. Qh6+ Kg8 55. Kf3 Rde6 56. e4 Ra7 57. Kf4 Ra4 58. Qh1 Rxa3 59. Qc1 Ra4 60. Qc8+ Kf7 61. Qd7+ 1-0

[Event "Biel Challengers Blitz 2024"]
[White "Donchenko,Alexander"]
[Black "Maurizzi,Marc`Andria"]
[Site "Biel"]
[Round "10.2"]
[Annotator "TA"]
[Result "1/2-1/2"]
[Date "2024.07.21"]
[WhiteElo "2639"]
[BlackElo "2610"]
[PlyCount "127"]
[TimeControl "180+2"]

1. c4 e5 2. Nc3 Nf6 3. Nf3 Nc6 4. e3 Bb4 5. Qc2 O-O 6. Nd5 Re8 7. Ng5 g6 8. Nxf6+ Qxf6 9. Ne4 Qg7 10. a3 Be7 11. Be2 d6 12. b4 Be6 13. Bb2 Rad8 14. h4 f5 15. Nc3 Bf6 16. Nd5 Bxd5 17. cxd5 Ne7 18. Qxc7 e4 19. Bxf6 Qxf6 20. Qc3 Kg7 21. h5 Qxc3 22. dxc3 Nxd5 23. c4 Nf6 24. hxg6 hxg6 25. O-O-O d5 26. cxd5 Nxd5 27. Kb2 Nf6 28. a4 Kf7 29. a5 Rxd1 30. Rxd1 Rh8 31. Rc1 Rd8 32. Rc7+ Rd7 33. Rxd7+ Nxd7 34. Kc3 Ke6 35. Kd4 Kd6 36. Bb5 Ne5 37. Be8 g5 38. Bh5 $2 (38. Bb5 $11 {und Weiss muss sich keine Sorgen machen.} )Nc6+ $2 ({Vorzuziehen ist} 38... g4 $1 $19 {Und ...Nd3 würde nun gewinnen.} 39. b5 b6 40. axb6 axb6 )39. Kc4 $2 (39. Kc3 $1 $11 )Ne5+ $2 ({Günstiger ist} 39... g4 $1 $19 {Zielt auf ...Ne5+ ab.} 40. Kc3 Ne5 )40. Kc3 $2 {[%emt 0:0:2][%mdl 8192] [#]} (40. Kd4 $11 {und Weiss ist OK.} )Nc6 $2 (40... g4 $1 $19 41. b5 Nd3 )41. Bg6 Ke5 42. g3 Kf6 43. Bh5 $1 Ke5 44. Be2 f4 45. exf4+ $1 gxf4 46. gxf4+ Kxf4 47. Kc4 Ne5+ 48. Kd4 Nc6+ 49. Kc5 Ne5 50. b5 Nd3+ 51. Kd6 Nxf2 52. Kc7 b6 $1 (52... Ke3 $2 53. Bh5 (53. Bf1 Nd3 $11 )Kf4 54. Kxb7 $16 )53. axb6 axb6 54. Kxb6 Nd3 55. Kc7 Nb4 $2 {[%emt 0:0:2][%mdl 8192] [#]} (55... Ke3 $11 )56. Bc4 $2 (56. Kd6 $1 {setzt Matt} Ke3 57. Bf1 Kf2 58. Bc4 Nc2 59. b6 e3 60. b7 e2 61. Bxe2 (61. b8=B $2 {ist das falsche Schlagen.} e1=Q $19 )Kxe2 62. b8=Q (62. b8=B Kf3 $11 ))Ke5 $11 57. b6 Kd4 58. b7 (58. Bb5 $5 Nd5+ $8 59. Kc6 Nxb6 60. Kxb6 $11 )Kxc4 59. Kb6 $1 Nd5+ 60. Ka6 (60. Kc6 $5 Nb4+ $8 61. Kb6 Nd5+ 62. Kc6 Nb4+ 63. Kb6 $11 )Nb4+ 61. Kb6 Nd5+ 62. Kc6 Nb4+ 63. Kb6 $1 Kd4 $2 (63... Nd5+ $11 64. Ka6 Nb4+ 65. Kb6 )64. Kc7 $4 ({Nicht} 64. b8=R Ke3 $11 )(64. Kb5 $18 Nd3 65. b8=Q (65. b8=R Nf2 $11 ))1/2-1/2

[Event "Biel Challengers Blitz 2024"]
[White "Salem,A.R. Saleh"]
[Black "Vaishali,Rameshbabu"]
[Site "Biel"]
[Round "10.3"]
[Annotator "TA"]
[Result "1-0"]
[Date "2024.07.21"]
[WhiteElo "2638"]
[BlackElo "2489"]
[PlyCount "123"]
[TimeControl "180+2"]

1. d4 Nf6 2. c4 c5 3. d5 b5 4. cxb5 a6 5. bxa6 Bxa6 6. Nc3 d6 7. e4 Bxf1 8. Kxf1 g6 9. Nf3 Bg7 10. g3 O-O 11. Kg2 Nbd7 12. a4 Qa5 13. Qe2 Rfb8 14. Ra3 Ne8 15. Nb5 Nc7 16. Nxc7 Qxc7 17. b3 Rb7 18. Qc2 Rab8 19. h4 h5 20. Bg5 Ne5 21. Nxe5 Bxe5 22. Bd2 Qd7 23. Qd3 e6 24. Rb1 Qc8 25. Qc4 exd5 26. Qxd5 c4 $1 27. Rc1 (27. Qxc4 $2 Qxc4 28. bxc4 Rxb1 $19 )(27. Ba5 $1 $16 )c3 $1 $11 28. Be3 Rc7 $2 (28... Rb4 $1 $11 )29. a5 $18 Qa6 {[%emt 0:0:4] [#]} 30. Rc2 $2 ({Only move:} 30. Bb6 $1 $18 Rxb6 31. axb6 Qxb6 32. Qa5 )Rbb7 $2 {[%emt 0:0:18] [#]} (30... Rb4 $11 {and Black has nothing to worry.} )31. Bb6 $1 $18 Rc8 32. Ra4 Rxb6 (32... Rbb8 {was called for.} 33. Rc4 Rxc4 34. Qxc4 Qxc4 35. bxc4 f5 36. exf5 gxf5 )33. axb6 $18 Qxb6 34. Rc4 Rb8 35. R2xc3 $2 (35. b4 Qa7 36. f4 Bf6 $18 )(35. Ra2 $18 )Bxc3 $16 36. Rxc3 Re8 (36... Kg7 $142 37. Rf3 Rb7 )37. Rc6 Qb4 38. Rxd6 ({Much weaker is} 38. Qxd6 $6 Qxe4+ 39. Kh2 Qf3 $11 )({Much worse is} 38. e5 $6 Rxe5 39. Qxd6 Qe4+ 40. Kh2 Rf5 41. Qd8+ (41. Rc8+ Kh7 $11 )Kg7 $11 )Qxe4+ 39. Qxe4 Rxe4 40. Kf3 Re1 (40... Rb4 $142 )41. b4 $16 Kg7 (41... Kf8 $16 42. Rd4 f6 )42. b5 $18 Rb1 43. Rd5 (43. Rb6 $18 {has better winning chances.} )Rb2 $2 (43... Kf6 $16 {was worth a try.} )44. Ke3 Kf6 45. f4 Ke6 46. Re5+ Kd6 47. Kd4 Rb3 48. Rg5 Rb4+ 49. Kc3 (49. Kd3 $18 )Rb1 $16 50. Kc4 Rc1+ 51. Kb4 Ra1 $2 (51... Rb1+ $16 {keeps fighting.} 52. Ka5 f6 53. Rxg6 Kc5 )52. Re5 Rg1 (52... Rb1+ $142 53. Ka5 Rb3 )53. Re3 $18 Kc7 54. Kc5 Rc1+ 55. Kd5 Kd7 56. Rb3 Kc7 (56... Rd1+ $142 57. Ke5 Rd6 )57. Ke5 $18 Rc5+ 58. Kf6 Rf5+ 59. Kg7 Kb6 60. Rb2 Kb7 61. b6 Kb8 62. b7 1-0